 Dungeon Crawl Stone Soup version 0.22-a0-247-gbddf880757 (webtiles) character file.

259 Zaque the Chopper (level 5, -1/50 HPs)
             Began as a Deep Dwarf Monk on Feb 23, 2018.
             Slain by a quokka (3 damage)
             ... on level 4 of the Dungeon.
             The game lasted 00:19:39 (2548 turns).

Zaque the Chopper (Deep Dwarf Monk)                 Turns: 2548, Time: 00:19:39

Health: -1/50      AC:  9    Str: 14    XL:     5   Next: 95%
Magic:  7/7        EV:  6    Int: 12    God:
Gold:   125        SH:  0    Dex: 10    Spells: 4/4 levels left

rFire    . . .     SeeInvis .   a - +0 hand axe
rCold    + . .     Gourm    .   (no shield)
rNeg     . . .     Faith    .   f - +0 chain mail {rC+}
rPois    +         Spirit   .   h - +0 helmet of the Gloaming {+Inv rElec rPois Dex-5} (curse)
rElec    +         Reflect  .   (no cloak)
rCorr    .         Harm     .   (no gloves)
MR       .....                  (no boots)
Stlth    ..........             (no amulet)
HPRegen  0.00/turn              (no ring)
MPRegen  0.10/turn              (no ring)

@: non-regenerating
A: damage resistance, heal wounds, sense surroundings 1, no regeneration
a: Heal Wounds, Evoke Invisibility


You were on level 4 of the Dungeon.
You were not hungry.

You visited 1 branch of the dungeon, and saw 4 of its levels.

You collected 125 gold pieces.

Inventory:

Hand Weapons
 a - a +0 hand axe (weapon)
Missiles
 e - 136 stones (quivered)
Armour
 b - a +0 robe
 f - a +0 chain mail of cold resistance (worn)
 g - a +0 scale mail
 h - the cursed +0 helmet of the Gloaming (worn) {+Inv rElec rPois Dex-5}
   (You took it off Robin on level 2 of the Dungeon)

   It affects your dexterity (-5).
   It insulates you from electricity.
   It protects you from poison.
   It lets you turn invisible.
   It has a curse placed upon it.
Scrolls
 i - 4 scrolls of magic mapping
 j - 4 scrolls of teleportation {unknown}
 k - 2 scrolls of remove curse {unknown}
 l - a scroll of identify {unknown}
Potions
 d - a potion of curing
Comestibles
 c - 7 rations


   Skills:
 + Level 4.3 Fighting
 + Level 5.2 Axes
 - Level 3.2 Dodging
 - Level 2.4 Stealth
 * Level 3.5 Evocations


You had 4 spell levels left.
You didn't know any spells.

Dungeon Overview and Level Annotations

Branches:
Dungeon (4/15)
 Temple: D:4-7

Altars:
Kikubaaqudgha

Annotations:
D:3 motoroller71's ghost, amateur HuFi
D:4 Eustachio


Innate Abilities, Weirdness & Mutations

You are resistant to damage.
You can heal yourself by infusing magical energy.
You passively map a small area around you.
You do not regenerate.


Message History

The quokka bites you but does no damage.
You hit the quokka but do no damage.
The quokka bites you but does no damage.
The quokka bites you.
You miss the quokka. The quokka bites you.
* * * LOW HITPOINT WARNING * * *
You closely miss the quokka. The quokka bites you.
* * * LOW HITPOINT WARNING * * *
You hit the quokka but do no damage.
The quokka bites you but does no damage.
You hit the quokka but do no damage.
The quokka bites you but does no damage.
The quokka barely misses you.
You hit the quokka.
The quokka is moderately wounded.
The quokka barely misses you.
You closely miss the quokka.
The quokka is moderately wounded.
The quokka bites you.
You die...

#≈...≈#..#.#####)#* #
#≈...≈##.#.......#
#≈...≈##.#.#####....#
###.####.#.# #.####
#.# #.#.# *,#.# #_#
#^#.#, #.. #
*######.#.. #(#*
#..##.....###** #.#*
#...r@###....... .#
##.#### #.#####. # *
#.#, * ** *..# * , *
*..# *,* ..# * * .# *
** , , , ,


You could see a quokka.

Vanquished Creatures
  A hound (D:4)
  A centaur skeleton (D:4)
  Terence (D:3)
  A worker ant (D:4)
  Robin (D:2)
  5 adders
  An ooze (D:1)
  An adder skeleton (D:4)
  A worm (D:2)
  A dart slug (D:2)
  6 orcs
  6 bats (D:1)
  4 giant cockroaches
  9 goblins
  13 hobgoblins
  3 jackals (D:2)
  15 kobolds
  A quokka (D:3)
  4 frilled lizards
  10 rats
  2 rat zombies (D:4)
87 creatures vanquished.

Notes
Turn   | Place    | Note
-------+----------+-------------------------------------------
     0 | D:1      | Zaque the Deep Dwarf Monk began the quest for the Orb.
     0 | D:1      | Reached XP level 1. HP: 20/20 MP: 1/1
     7 | D:1      | Noticed a minotaur skeleton
    16 | D:1      | Noticed a minotaur skeleton
    52 | D:1      | Reached XP level 2. HP: 25/28 MP: 2/2
   491 | D:1      | Reached skill level 4 in Axes
   543 | D:1      | Reached XP level 3. HP: 24/34 MP: 3/3
  1005 | D:2      | Reached XP level 4. HP: 21/44 MP: 4/4
  1254 | D:2      | Noticed Robin
  1276 | D:2      | HP: 2/44 [Robin/club (4)]
  1288 | D:2      | Killed Robin
  1298 | D:2      | Got a dazzling helmet
  1304 | D:2      | Identified the cursed +0 helmet of the Gloaming {+Inv rElec rPois Dex-5} (You took it off Robin on level 2 of the Dungeon)
  1686 | D:3      | Noticed motoroller71's ghost (amateur HuFi)
  1750 | D:2      | Reached skill level 1 in Evocations
  1974 | D:3      | Reached XP level 5. HP: 9/50 MP: 6/6
  2089 | D:3      | Noticed Terence
  2125 | D:3      | Killed Terence
  2125 | D:3      | Reached skill level 5 in Axes
  2271 | D:4      | Noticed Eustachio
  2352 | D:4      | Found an ancient bone altar of Kikubaaqudgha.
  2544 | D:4      | HP: 2/50 [quokka (1)]
  2548 | D:4      | Slain by a quokka

Vault maps used:
D:1:      shiori_arrival_whats_in_store_for_you
D:2:      first_ration, minmay_crystal_room, kennysheep_cluttered_room,
          uniq_robin
D:3:      uniq_terence
D:4:      lemuel_zombie_altar_kikubaaqudgha, small_statue_intersection,
          roderic_lattice_a, uniq_blork_the_orc, uniq_eustachio

Skill      XL: |  1  2  3  4  5 |
---------------+----------------+-----
Fighting       | 3 4 |  4.3
Axes           | 4 5 |  5.2
Evocations     | 1 3 |  3.5
Dodging        | |  3.2
Stealth        | |  2.4

Action                   |  1- 3 |  4- 6 || total
-------------------------+-------+-------++-------
Melee: Hand axe          |   127 |   272 ||   399
Throw: Stone             |   104 |    25 ||   129
 Abil: Evoke Invisibilit |       |     5 ||     5
  Use: Potion            |       |     5 ||     5
       Scroll            |       |     2 ||     2
 Stab: Invisible         |       |     7 ||     7
  Eat: Chunk             |     1 |     7 ||     8
Armor: Scale mail        |    28 |    60 ||    88
       Robe              |     8 |       ||     8
       Chain mail        |       |    47 ||    47
Dodge: Dodged            |    69 |   132 ||   201

Table legend:
 A = Spawn XP
 B = Non-spawn XP
 C = Spawn XP percentage of total XP
 D = Spawn monster count
 E = Non-spawn monster count
 F = Spawn count percentage of total count
 G = Total turns spent on level
                    A         B        C        D         E        F      G
               +---------+---------+-------+---------+---------+-------+---------
         Total |       0 |     371 |   0.0 |       0 |      87 |   0.0 |  2548
               +---------+---------+-------+---------+---------+-------+---------
           D:1 |       0 |      47 |   0.0 |       0 |      26 |   0.0 |   757
           D:2 |       0 |     108 |   0.0 |       0 |      34 |   0.0 |   978
           D:3 |       0 |      84 |   0.0 |       0 |      16 |   0.0 |   503
           D:4 |       0 |     132 |   0.0 |       0 |      11 |   0.0 |   310
               +---------+---------+-------+---------+---------+-------+---------
